 Dungeon Sprint DCSS version 0.30-a0-883-g5ad918d77d (webtiles) character file.

Game seed: 13586928530274610266

1943 rocky1 the Nimble (level 9, -6/74 HPs)
             Began as a Merfolk Ice Elementalist on Mar 16, 2023.
             Was an Initiate of Gozag.
             Mangled by an orc warrior
             ... wielding a +0 mace
              (19 damage)
             ... in the Dungeon (Sprint III: "The Ten Rune Challenge").
             The game lasted 00:06:59 (1631 turns).

rocky1 the Nimble (Merfolk Ice Elementalist)        Turns: 1631, Time: 00:07:01

Health: -6/74      AC: 11    Str:  9    XL:     9   Next: 18%
Magic:  16/23      EV: 19    Int: 16    God:    Gozag
Gold:   331        SH:  0    Dex: 16    Spells: 17/28 levels left

rFire   x . .      SeeInvis .    p - +1 long sword (holy)
rCold   + . .      Faith    .    (no shield)
rNeg    . . .      Spirit   .    a - +0 robe
rPois   .          Reflect  .    (no helmet)
rElec   .          Rampage  .    (no cloak)
rCorr   .          NoTele   +    (no gloves)
Will    .....                    (no boots)
Stlth   ++                       (no amulet)
HPRegen 0.32/turn                h - ring of ice
MPRegen 0.18/turn                (no ring)

@: mighty, ice-armoured, freezing walls
A: (nimble swimmer 2), mertail
a: Renounce Religion, Potion Petition, Call Merchant, Bribe Branch


You were in the Dungeon.
You worshipped Gozag.
Gozag was aware of your devotion.
You visited 1 branch You collected 331 gold pieces.

Inventory:

Hand Weapons
 p - a +1 long sword of holy wrath (weapon)
Armour
 a - a +0 robe (worn)
Jewellery
 h - a ring of ice (left hand)
Scrolls
 g - a scroll of blinking
 i - a scroll of amnesia {unknown}
 j - a scroll of immolation {unknown}
 k - 3 scrolls of identify
 m - a scroll of torment {unknown}
Potions
 b - 2 potions of magic
 c - a potion of curing
 d - a potion of heal wounds
 e - a potion of haste
 f - 2 potions of berserk rage
 l - a potion of flight {unknown}
 n - a potion of brilliance {unknown}
 o - 6 potions of mutation
Miscellaneous
 r - a phial of floods


   Skills:
 + Level 8.2 Fighting
 * Level 8.3 Long Blades
 + Level 12.5 Dodging
 - Level 2.2 Stealth
 * Level 10.0 Spellcasting
 + Level 11.4 Ice Magic
 + Level 3.0 Evocations


You had 17 spell levels left.
You knew the following spells:

 Your Spells              Type           Power      Damage    Failure   Level
a - Freeze                Ice            100%       1d10      1%          1
b - Frozen Ramparts       Ice            100%       1d16      1%          3
c - Ozocubu's Armour      Ice            61%        N/A       1%          3
d - Summon Ice Beast      Ice/Summ       39%        N/A       9%          4

Your spell library contained the following spells:

 Spells                   Type           Power      Damage    Failure   Level
 Cigotuvi's Dreadful Rot  Necr/Pois/Air  16%        N/A       14%         2
 Poisonous Vapours        Pois/Air       16%        N/A       14%         2
 Mephitic Cloud           Conj/Pois/Air  8%         N/A       26%         3


Dungeon Overview and Level Annotations

Branches:
Dungeon (1/1)

Altars:
Cheibriados
Dithmenos
Elyvilon
Fedhas
Gozag
Hepliaklqana
Kikubaaqudgha
Makhleb
Nemelex Xobeh
Okawaru
Qazlal
Ru
Sif Muna
Trog
Uskayaw
Vehumet
Wu Jian
Xom
Yredelemnul
Zin
The Shining One
Jiyva
Lugonu


Innate Abilities, Weirdness & Mutations

((You are very nimble when in or above water. (Stealth+, EV+, Speed+++)))
Your lower body shifts to a powerful aquatic tail in water.


Message History

Casting: Frozen Ramparts (safe; 1% risk of failure)
Press: ? - help, Dir - look around, f - activate You feel a surge of power!
The walls around you are covered in ice.
The wall freezes the orc knight but does no damage.
The orc knight closely misses you.
The wall freezes the orc warrior.
The orc warrior misses you.
The wall freezes the orc warrior.
You slice the orc knight!!
The orc knight is heavily wounded.
The wall freezes the orc warrior!
The orc warrior hits you from afar with a +0 trident!
The wall freezes the orc knight!
You barely miss the orc knight.
The orc knight is severely wounded.
The wall freezes the orc knight.
The orc knight hits you with a +0 great mace!
The wall freezes the orc warrior but does no damage.
The orc warrior barely misses you.
You closely miss the orc knight.
The orc knight is severely wounded.
The wall freezes the orc warrior but does no damage.
The orc warrior hits you from afar with a +0 trident.
The wall freezes the orc warrior!
The orc warrior hits you with a +0 mace!
The wall freezes the orc knight.
The orc knight is distracted by your dazzling golden aura.
The orc knight shouts!
You hit the orc knight.
The orc knight is no longer distracted by gold.
The orc knight is severely wounded.
The wall freezes the orc knight!
The orc knight hits you with a +0 great mace!
* * * LOW HITPOINT WARNING * * *
The wall freezes the orc warrior!
The orc warrior hits you from afar with a +0 trident.
* * * LOW HITPOINT WARNING * * *
The wall freezes the orc warrior but does no damage.
The orc warrior hits you with a +0 mace!!
You die...
Your body crumbles into a pile of gold. ▓▓▓ ▓▓ ♣.#################$ ♣♣.#___#___#__#$#$$$ $$$$

..#...#__.#._#$$oo $$
♣♣.###'#)###'##$$o $
♣♣.#..........#o$ $$
♣..'.⌠........#o##$
$$
♣..#...######+#o@#$ $
$
...#.⌠.#__#...#'#####
...#...#__#...#..~~~+
...#)###__#...#.#§~~#
...#...#__#...+.#§§.#
...#___#__+...#.#§..#
▓▓▓▓▓▓▓▓▓▓▓▓▓▓▓▓▓▓▓▓▓


You could see an orc knight and 2 orc warriors.

Vanquished Creatures
  Snorg (D)
  A deep elf pyromancer (D)
  A shadow (D)
  A spatial vortex (D)
  A necrophage (D)
  A scorpion (D)
  A water elemental (D)
  A jelly (D)
  An orc priest (D)
  A wizard (D)
  A necromancer (D)
  3 humans (D)
  A kobold demonologist (D)
  5 orcs (D)
  An endoplasm (D)
  3 rats (D)
24 creatures vanquished.

Notes
Turn   | Place    | Note
-------+----------+-------------------------------------------
     0 | D        | rocky1 the Merfolk Ice Elementalist began the quest for the
                  | Orb.
     0 | D        | Reached XP level 1. HP: 13/13 MP: 3/3
    47 | D        | Reached skill level 3 in Dodging
    47 | D        | Reached skill level 5 in Ice Magic
   100 | D        | Noticed a scorpion
   113 | D        | Reached skill level 1 in Fighting
   113 | D        | Reached skill level 4 in Dodging
   113 | D        | Reached XP level 2. HP: 5/22 MP: 0/6
   300 | D        | Killed a scorpion
   301 | D        | Reached skill level 6 in Dodging
   301 | D        | Reached XP level 3. HP: 24/29 MP: 3/8
   301 | D        | Reached XP level 4. HP: 29/35 MP: 3/10
   305 | D        | Learned a level 3 spell: Frozen Ramparts
   309 | D        | Learned a level 3 spell: Ozocubu's Armour
   314 | D        | Learned a level 4 spell: Summon Ice Beast
   402 | D        | Noticed a water elemental
   409 | D        | Killed a water elemental
   410 | D        | Reached skill level 7 in Dodging
   410 | D        | Reached skill level 5 in Spellcasting
   410 | D        | Reached XP level 5. HP: 25/42 MP: 1/12
   493 | D        | Found a glowing silver altar of Zin.
   493 | D        | Found a glowing golden altar of the Shining One.
   493 | D        | Found a white marble altar of Elyvilon.
   498 | D        | Noticed a deep elf pyromancer
   509 | D        | Killed a deep elf pyromancer
   510 | D        | Reached skill level 10 in Dodging
   510 | D        | Reached skill level 10 in Ice Magic
   510 | D        | Reached XP level 6. HP: 42/52 MP: 1/16
   510 | D        | Reached XP level 7. HP: 47/58 MP: 1/18
   631 | D        | Found a radiant altar of Vehumet.
   631 | D        | Found a shimmering blue altar of Sif Muna.
   631 | D        | Found an ancient bone altar of Kikubaaqudgha.
   634 | D        | Reached skill level 1 in Long Blades
   638 | D        | Reached skill level 11 in Dodging
   689 | D        | Found a hide-covered altar of Uskayaw.
   689 | D        | Found an iron altar of Okawaru.
   689 | D        | Found a bloodstained altar of Trog.
   689 | D        | Found an ornate altar of the Wu Jian Council.
   689 | D        | Noticed a human
   691 | D        | Noticed a human
   694 | D        | Killed a human
   696 | D        | Killed a human
   697 | D        | Reached XP level 8. HP: 61/67 MP: 9/20
   767 | D        | Noticed a shadow
   774 | D        | Killed a shadow
   775 | D        | Reached skill level 5 in Long Blades
   941 | D        | Found a basalt altar of Yredelemnul.
   941 | D        | Found a shadowy altar of Dithmenos.
   941 | D        | Found a sacrificial altar of Ru.
   987 | D        | Found a blossoming altar of Fedhas.
   987 | D        | Found a stormy altar of Qazlal.
   987 | D        | Found a snail-covered altar of Cheibriados.
   987 | D        | Found a burning altar of Makhleb.
   987 | D        | Found a shimmering altar of Xom.
   988 | D        | Found a hazy altar of Hepliaklqana.
   988 | D        | Found an opulent altar of Gozag.
   988 | D        | Found a sparkling altar of Nemelex Xobeh.
   988 | D        | Found a corrupted altar of Lugonu.
   988 | D        | Found a viscous altar of Jiyva.
   992 | D        | Became a worshipper of Gozag Ym Sagoz the Greedy
  1323 | D        | Reached skill level 1 in Evocations
  1484 | D        | Noticed Snorg
  1493 | D        | Killed Snorg
  1494 | D        | Reached skill level 12 in Dodging
  1494 | D        | Reached skill level 10 in Spellcasting
  1494 | D        | Reached XP level 9. HP: 70/74 MP: 12/23
  1619 | D        | Noticed an orc knight
  1631 | D        | Mangled by an orc warrior

Illustrated notes

Levels and vault maps discovered:
D:        dungeon_sprint_mu [sprint_mu_entry_forest, sprint_mu_temple_rooms,
          sprint_mu_d1_horrors, sprint_mu_d2_genie, sprint_mu_d3_branching,
          sprint_mu_orc_legion, sprint_mu_elf_gauntlet, sprint_mu_hive_nellie,
          sprint_mu_lair_fedhas, sprint_mu_vaults_butterflies,
          sprint_mu_slime_circle, sprint_mu_shoals_kraken,
          sprint_mu_snake_twists, sprint_mu_blade_basic,
          sprint_mu_crypt_fortress, sprint_mu_tomb_spiral,
          sprint_mu_vestibule_basic, sprint_mu_gehenna_hellfire,
          sprint_mu_dis_giant, sprint_mu_tartarus_statrot,
          sprint_mu_cocytus_islands, sprint_mu_zot1]

Skill      XL: |  1  2  3  4  5  6  7  8  9 |
---------------+----------------------------+-----
Dodging        | 4 6 7 10 11 12 | 12.5
Ice Magic      | 5 6 7 10 11 | 11.4
Fighting       | 1 3 6 7 8 |  8.2
Spellcasting   | 3 4 5 7 8 10 | 10.0
Long Blades    | 4 8 |  8.3
Evocations     | 2 3 |  3.0
Stealth        | |  2.2

Action                     |  1- 3 |  4- 6 |  7- 9 || total
---------------------------+-------+-------+-------++-------
  Melee: Unarmed           |     4 |       |       ||     4
         Long sword        |       |       |    33 ||    33
         Tailslap          |       |       |     3 ||     3
   Cast: Freeze            |    14 |    10 |     6 ||    30
         Frozen Ramparts   |       |     2 |     8 ||    10
         Ozocubu's Armour  |       |     2 |     4 ||     6
         Summon Ice Beast  |       |       |     1 ||     1
    Use: Potion            |     1 |       |     1 ||     2
 Armour: Robe              |       |     1 |     3 ||     4
  Dodge: Dodged            |    15 |     3 |    26 ||    44

Table legend: (Time is in decaauts)
 A = Elapsed time spent in this place.
 B = Non-inter-level travel time spent in this place.
 C = Inter-level travel time spent in this place.
 D = Time resting spent in this place.
 E = Time spent auto-exploring this place.
 F = Levels seen in this place.
 G = Mean time per level.
                   A        B        C        D        E       F      G
               +--------+--------+--------+--------+--------+-----+--------+
         Total |   1617 |   1617 |      0 |   1117 |      0 |   1 | 1617.0 |
       Dungeon |   1617 |   1617 |      0 |   1117 |      0 |   1 | 1617.0 |
               +--------+--------+--------+--------+--------+-----+--------+

Top non-repeatable levels by time:
       D: 1617 daAuts
